 Dungeon Crawl Stone Soup version 0.31-a0-1074-g0b22e4e0f1 (webtiles) character file.

Game seed: 1085901680488343724

1267 ytrimaz the Changeling (level 8, -1/58 HPs)
             Began as a Formicid Shapeshifter on Dec 6, 2023.
             Slain by a gnoll bouda
             ... wielding a +0 whip
              (10 damage)
             ... on level 5 of the Dungeon.
             The game lasted 00:05:21 (5014 turns).

ytrimaz the Changeling (Formicid Shapeshifter)      Turns: 5014, Time: 00:05:21

Health: -1/58      AC:  2    Str: 26    XL:     8   Next: 82%
Magic:  8/8        EV: 15    Int:  9    God:
Gold:   428        SH:  0    Dex: 21    Spells: 7/7 levels left

rFire   . .          .
                       - Unarmed
rCold   . . .        (no shield)
rNeg    . . .        a - +0 animal skin
rPois   .            (helmet unavailable)
rElec   .            (cloak currently unavailable)
rCorr   .            (gloves currently unavailable)
SInv    +            (boots currently unavailable)
Will    .....        f - amulet of the acrobat
Stlth   ++           l - +6 ring of strength
HPRegen 0.29/turn    k - +6 ring of dexterity
MPRegen 0.11/turn

%: acrobat
@: beast-form
A: beast (slay +3), permanent stasis, dig shafts and tunnels, antennae 3, four
strong arms
a: Dig, Shaft Self, Begin Untransformation


You were on level 5 of the Dungeon.
You were a hulking beast.
You visited 2 branches of the dungeon, and saw 7 of its levels.
You also visited: Ossuary.

You collected 428 gold pieces.


Innate Abilities, Weirdness & Mutations

You are a hulking beast.
Your limbs bulge with bestial killing power. (Slay +3)
You cannot be hasted, slowed, berserked, paralysed or teleported.
You can dig through walls and to a lower floor.
You have a pair of large antennae on your head. (SInv)
Your four strong arms can wield two-handed weapons with a shield.


   Skills:
 - Level 3.0 Fighting
 + Level 5.3 Dodging
 + Level 6.3 Unarmed Combat
 + Level 6.4 Shapeshifting


You had 7 spell levels left.
You didn't know any spells.
Your spell library contained the following spells:

 Spells                   Type           Power      Damage    Failure   Level
 Freeze                   Ice            0%         1d3       38%         1
 Frozen Ramparts          Ice            0%         1d1       77%         3
 Hailstorm                Conj/Ice       0%         3d3       77%         3

Inventory:

Armour
 a - a +0 animal skin (worn)
Jewellery
 e - a +6 ring of intelligence
   (You found it on level 1 of the Dungeon)
 f - an amulet of the acrobat (around neck)
   (You found it on level 1 of the Dungeon)
 k - a +6 ring of dexterity (right hand)
   (You found it on level 2 of the Dungeon)
 l - a +6 ring of strength (left hand)
   (You found it on level 3 of the Dungeon)
Talismans
 c - a beast talisman (active)
 d - a flux talisman
 m - a blade talisman
   (You found it on level 3 of the Dungeon)
Wands
 B - a wand of flame (19)
   (You found it on level 5 of the Dungeon)
 C - a wand of iceblast (11)
   (You found it on level 5 of the Dungeon)
Scrolls
 g - a scroll of fog {unknown}
 i - a scroll of amnesia {unknown}
 n - a scroll of torment {unknown}
 o - 3 scrolls of blinking {unknown}
 q - 4 scrolls of poison
 r - 4 scrolls of teleportation {unknown}
 s - a scroll of immolation {unknown}
 t - 2 scrolls of vulnerability {unknown}
 y - 2 scrolls of revelation {unknown}
Potions
 b - a potion of invisibility {unknown}
 h - 4 potions of attraction
 j - 3 potions of curing
 p - 2 potions of haste {unknown}
 u - a potion of berserk rage {unknown}
 v - a potion of might {unknown}
 w - 2 potions of cancellation {unknown}
 x - a potion of magic {unknown}
 z - a potion of mutation {unknown}
 A - 2 potions of degeneration {unknown}

Dungeon Overview and Level Annotations

Branches:
Dungeon (6/15) Zot: 26816  Temple (1/1) D:4 Zot: 5984 Ossuary (visited)

Altars:
Ashenzari
Cheibriados
Dithmenos
Elyvilon
Gozag
Hepliaklqana
Makhleb
Nemelex Xobeh
Sif Muna
Trog
Uskayaw
Vehumet
Xom
Yredelemnul
Zin
The Shining One

..........8.).......##....## ###.
..........)).........#.##.# ##..
........8...8...........######...
#...............###........##...#
##........8....## ###.##........#
###...........## #.....#...#...#
#.#.........#.#####.....##.####..
...........##.##.)...##.....##..#
..##..........##h†...##..###....#
.###...........#.g...#...###....#
.###..####..##.....)............<
.......#.#..####......##.....####
#.....#.#....###.......##........
......####....##........#........
...#.......##....................
.#.#...##..#####.................
##....[#....#####.#..#...........


You could see a gnoll bouda.


Message History

You destroy the phantom!
The gnoll bouda gazes fiercely through you!
You feel as though you will be weak longer.
Unknown command. 😕 HP[+1]
The gnoll attacks as it pursues you!
The gnoll hits you with a +0 flail! 😮 HP[-7]
You take 7 damage, and now have 38/58 hp.
The gnoll attacks as it pursues you! The gnoll hits you with a +0 flail.
The gnoll throws a throwing net.
The throwing net completely misses you.
You see here a throwing net. 😮 HP[-6]
You take 6 damage, and now have 32/58 hp. 😮 HP[+1]
There is a stone staircase leading up here.
The gnoll closely misses you.
You climb upwards.
There is a stone staircase leading down here. 😮 HP[+1] Unknown command.
You hit the gnoll but do no damage.
The gnoll hits you with a +0 flail. 😮 HP[-3]
You take 3 damage, and now have 31/58 hp.
You punch the gnoll! The gnoll barely misses you.
Unknown command.
You closely miss the gnoll. You hit the gnoll.
You kill the gnoll! 😮 HP[+1]
You see here a +0 flail.
Unknown command.
There is a stone staircase leading down here.
You start resting.
Your attacks no longer feel as feeble. 😮 HP[+2]
You regained 2 hp, and now have 34/58 hp.
Unknown command.
You start resting.
Unknown command. 😕 HP[+17]
You regained 17 hp, and now have 51/58 hp.
You climb downwards.
The gnoll bouda barks out a call to the hunt!
The gnoll picks up the pace!
There is a stone staircase leading up here. 😕 HP[+1]
The gnoll bouda barks out a call to the hunt!
You climb upwards.
There is a stone staircase leading down here. 😕 HP[+1]
You climb downwards.
The hound bites you. x2
There is a stone staircase leading up, spattered with blood here. 😕 HP[-7]
You take 7 damage, and now have 46/58 hp.
The hound bites you but does no damage. The gnoll bouda barely misses you.
The hound bites you.
You climb upwards.
There is a stone staircase leading down here. 😕 HP[-2]
You take 2 damage, and now have 44/58 hp.
Unknown command.
You completely miss the hound. The hound misses you.
The gnoll bouda hits you with a +0 whip! 😮 HP[-9]
You take 9 damage, and now have 35/58 hp.
You are too injured to fight recklessly!
You are too injured to fight recklessly!
You completely miss the gnoll bouda. The hound closely misses you.
The gnoll bouda hits you with a +0 whip!
* * * LOW HITPOINT WARNING * * *
The hound misses you. 😨 HP[-12]
You take 12 damage, and now have 23/58 hp.
MASSIVE DAMAGE!! (PAUSE)
You barely miss the hound. The hound barely misses you.
The gnoll bouda hits you with a +0 whip.
* * * LOW HITPOINT WARNING * * *
😨 HP[-4]
You take 4 damage, and now have 19/58 hp.
You barely miss the hound. The hound barely misses you.
The gnoll bouda hits you with a +0 whip.
* * * LOW HITPOINT WARNING * * *
😱 HP[-6]
You take 6 damage, and now have 13/58 hp.
You punch the hound! The hound bites you.
* * * LOW HITPOINT WARNING * * *
The hound closely misses you. 😱 HP[-2]
You take 2 damage, and now have 11/58 hp.
Unknown command.
You punch the hound!
You kill the hound!
The gnoll bouda hits you with a +0 whip.
* * * LOW HITPOINT WARNING * * *
😱 HP[-2]
You take 2 damage, and now have 9/58 hp.
Unknown command.
You hit the gnoll bouda.
The gnoll bouda hits you with a +0 whip!
You die...

Skill      XL: |  1  2  3  4  5  6  7  8 |
---------------+-------------------------+-----
Dodging        | 2 3 4 5 |  5.3
Fighting       | 2 3 |  3.0
Shapeshifting  | 4 5 6 |  6.4
Unarmed Combat | 4 5 6 |  6.3

Action                     |  1- 3 |  4- 6 |  7- 9 || total
---------------------------+-------+-------+-------++-------
  Melee: Unarmed           |    97 |   113 |   163 ||   373
         Punch             |     1 |     3 |     8 ||    12
    Use: Scroll            |       |       |     3 ||     3
         Potion            |       |       |     1 ||     1
   Stab: Distracted        |     1 |       |       ||     1
         Sleeping          |       |     2 |       ||     2
 Armour: Animal skin       |    32 |    53 |    74 ||   159
         Skin              |       |       |    40 ||    40
  Dodge: Dodged            |    65 |    80 |   196 ||   341
   Form: Flux              |     1 |       |       ||     1
         Beast             |     1 |       |       ||     1

Levels and vault maps discovered:
D:1:      dpeg_arrival_simpleton_a, layout_basic
D:2:      layout_loops_ring
D:3:      layout_basic, nicolae_uskayaw_suspiria, mainiacjoe_overflow_alcove_2,
          nicolae_dithmenos_through_a_glass_darkly, cheibriados_altar_1,
          demons_altar, hellmonk_ecumenical_altar_slurped_away,
          kennysheep_minor_cross, nrook_loot_triangle, st_stairs_11,
          minmay_misc_feat_columns
D:4:      layout_loops_ring, mainiacjoe_overflow_paths,
          minmay_temple_entry_statues_pillars, kennysheep_donut
D:5:      layout_cave_pools, kennysheep_mini, nicolae_ossuary_entry_monument,
          serial_bayou_pond_a, minmay_misc_feat_tiny, roderic_roman_lattice
D:6:      layout_basic
Temple:   hellmonk_temple_rainy

Notes
Turn   | Place    | Note
-------+----------+-------------------------------------------
     0 | D:1      | ytrimaz the Formicid Shapeshifter began the quest for the
                  | Orb.
     0 | D:1      | Reached XP level 1. HP: 15/15 MP: 1/1
     0 | D:1      | magus.rc [v1.9.6]
   122 | D:1      | Reached XP level 2. HP: 13/21 MP: 2/2
   134 | D:1      | Reached skill level 2 in Dodging
   567 | D:1      | Reached XP level 3. HP: 27/27 MP: 3/3
  1031 | D:2      | Reached skill level 2 in Fighting
  1041 | D:2      | You pick up a book of Frost and begin reading...
  1041 | D:2      | You add the spells Freeze, Frozen Ramparts and Hailstorm to
                  | your library.
  1432 | D:3      | Reached XP level 4. HP: 26/33 MP: 4/4
  1515 | D:3      | Found a faded altar of an unknown god.
  1535 | D:3      | Found a snail-covered altar of Cheibriados.
  1729 | D:3      | Found a hide-covered altar of Uskayaw.
  1739 | D:3      | Found a burning altar of Makhleb.
  1766 | D:3      | Reached XP level 5. HP: 23/39 MP: 5/5
  1771 | D:3      | HP: 8/39 [iron imp (9)]
  1773 | D:3      | Reached skill level 4 in Shapeshifting
  2024 | D:3      | Found a shadowy altar of Dithmenos.
  2296 | D:3      | Found a broken altar of Ashenzari.
  2333 | D:4      | Reached skill level 3 in Fighting
  2334 | D:4      | Reached skill level 4 in Unarmed Combat
  2349 | D:4      | Reached skill level 3 in Dodging
  2349 | D:4      | Reached XP level 6. HP: 18/47 MP: 6/6
  2610 | D:4      | Noticed an ogre
  2619 | D:4      | Killed an ogre
  2876 | D:4      | HP: 9/47 [gnoll/+0 whip (4)]
  2881 | D:4      | HP: 5/47 [gnoll/+0 whip (5)]
  2883 | D:4      | Reached XP level 7. HP: 6/52 MP: 7/7
  3056 | D:4      | Reached skill level 5 in Shapeshifting
  3193 | D:4      | Found a staircase to the Ecumenical Temple.
  3204 | Temple   | Entered the Ecumenical Temple
  3267 | D:4      | Found a glowing golden altar of the Shining One.
  3494 | D:5      | Entered Level 5 of the Dungeon
  3534 | D:5      | Reached skill level 4 in Dodging
  3534 | D:5      | Reached skill level 5 in Unarmed Combat
  3650 | D:5      | Found a sand-covered staircase.
  3659 | Ossuary  | Entered an ossuary
  3954 | D:5      | Reached XP level 8. HP: 49/58 MP: 8/8
  4110 | D:5      | Reached skill level 6 in Shapeshifting
  4220 | D:5      | Reached skill level 5 in Dodging
  4547 | D:5      | Reached skill level 6 in Unarmed Combat
  4740 | D:5      | Found a hazy altar of Hepliaklqana.
  5011 | D:5      | HP: 13/58 [gnoll bouda/+0 whip (6)]
  5014 | D:5      | Slain by a gnoll bouda

Vanquished Creatures
  A black bear (D:6)
  4 ogres
  2 phantoms
  2 howler monkeys (D:5)
  5 hounds
  3 iron imps (D:3)
  A sleepcap (D:5)
  An orc wizard (D:5)
  8 mummies (Ossuary)
  4 gnolls
  7 adders
  A shadow imp (D:5)
  4 ufetubi (D:5)
  3 worms
  A dart slug (D:1)
  7 orcs
  5 endoplasms
  4 giant cockroaches
  3 gnoll zombies (Ossuary)
  6 goblins
  6 hobgoblins
  2 jackals (D:3)
  3 quokkas
  7 ball pythons
  4 bats
  8 frilled lizards
  2 hobgoblin zombies (Ossuary)
  3 kobolds
  A kobold zombie (Ossuary)
  2 orc zombies (Ossuary)
  3 rats (D:2)
113 creatures vanquished.

Table legend:
 A = Non-vault XP
 B = Vault XP
 C = Vault XP percentage of total XP
 D = Non-vault monster count
 E = Vault monster count
 F = Vault count percentage of total count
                 A         B        C        D         E       F
            +---------+---------+-------+---------+---------+-------
      Total |    1506 |     304 |  16.8 |      90 |      23 |  20.4
            +---------+---------+-------+---------+---------+-------
        D:1 |      32 |       0 |   0.0 |      19 |       0 |   0.0
        D:2 |      35 |       0 |   0.0 |      20 |       0 |   0.0
        D:3 |      30 |     150 |  83.3 |       9 |       7 |  43.8
        D:4 |     397 |       0 |   0.0 |      16 |       0 |   0.0
        D:5 |     774 |       0 |   0.0 |      24 |       0 |   0.0
        D:6 |     238 |       0 |   0.0 |       2 |       0 |   0.0
    Ossuary |       0 |     154 | 100.0 |       0 |      16 | 100.0
            +---------+---------+-------+---------+---------+-------

Skill      XL: |  1  2  3  4  5  6  7  8 |
---------------+-------------------------+-----
Dodging        | 2 3 4 5 |  5.3
Fighting       | 2 3 |  3.0
Shapeshifting  | 4 5 6 |  6.4
Unarmed Combat | 4 5 6 |  6.3

Action                     |  1- 3 |  4- 6 |  7- 9 || total
---------------------------+-------+-------+-------++-------
  Melee: Unarmed           |    97 |   113 |   163 ||   373
         Punch             |     1 |     3 |     8 ||    12
    Use: Scroll            |       |       |     3 ||     3
         Potion            |       |       |     1 ||     1
   Stab: Distracted        |     1 |       |       ||     1
         Sleeping          |       |     2 |       ||     2
 Armour: Animal skin       |    32 |    53 |    74 ||   159
         Skin              |       |       |    40 ||    40
  Dodge: Dodged            |    65 |    80 |   196 ||   341
   Form: Flux              |     1 |       |       ||     1
         Beast             |     1 |       |       ||     1

Illustrated notes

Table legend:
 A = Kills in this place as a percentage of kills in the entire game.
 B = Kills by you in this place as a percentage of kills by you in the entire game.
 C = Kills by friends in this place as a percentage of kills by friends in the entire game.
 D = Other kills in this place as a percentage of other kills in the entire game.
 E = Experience gained in this place as a percentage of experience gained in the entire game.
 F = Experience gained in this place divided by the number of levels of this place that you have seen.
                   A       B       C       D       E      F
               +-------+-------+-------+-------+-------+----------------------
         Total | 100.0 | 100.0 |   N/A |   N/A | 100.0 | 226.2
       Dungeon |  85.8 |  85.8 |   N/A |   N/A |  91.5 | 276.0
       Ossuary |  14.2 |  14.2 |   N/A |   N/A |   8.5 | 154.0
               +-------+-------+-------+-------+-------+----------------------

Table legend: (Time is in decaauts)
 A = Elapsed time spent in this place.
 B = Non-inter-level travel time spent in this place.
 C = Inter-level travel time spent in this place.
 D = Time resting spent in this place.
 E = Time spent auto-exploring this place.
 F = Levels seen in this place.
 G = Mean time per level.
                   A        B        C        D        E       F      G
               +--------+--------+--------+--------+--------+-----+--------+
         Total |   4985 |   4804 |    181 |    182 |   3634 |   8 |  623.1 |
       Dungeon |   4687 |   4513 |    174 |    182 |   3469 |   6 |  781.2 |
        Temple |     15 |      8 |      7 |      0 |      0 |   1 |   15.0 |
       Ossuary |    281 |    281 |      0 |      0 |    165 |   1 |  281.0 |
               +--------+--------+--------+--------+--------+-----+--------+

Top non-repeatable levels by time:
     D:5: 1126 daAuts
     D:4: 1078 daAuts
     D:3: 978 daAuts
     D:2: 790 daAuts
     D:1: 615 daAuts
 Ossuary: 281 daAuts
     D:6: 99 daAuts
  Temple: 15 daAuts
